 Dungeon Sprint DCSS version 0.30.0-18-gc0e69614cb (webtiles) character file.

Game seed: 11881347962816316306

117 Groucho the Shield-Bearer (level 5, -1/48 HPs)
             Began as a Gnoll Fighter on May 23, 2023.
             Slain by a black bear (9 damage)
             ... in the Dungeon (Sprint IX: "|||||||||||||||||||||||||||||").
             The game lasted 00:00:54 (279 turns).

Groucho the Shield-Bearer (Gnoll Fighter)            Turns: 279, Time: 00:00:54

Health: -1/48      AC:  8    Str: 16    XL:     5   Next: 1%
Magic:  6/9        EV: 10    Int:  7    God:
Gold:   0          SH:  6    Dex: 13    Spells: 10/10 levels left

rFire   . . .        a - +0 trident
rCold   . . .        c - +0 buckler
rNeg    . . .        b - +0 scale mail
rPois   .            (no helmet)
rElec   .            (no cloak)
rCorr   .            (no gloves)
SInv    .            (no boots)
Will    .....        (no amulet)
Stlth   +            (no ring)
HPRegen 0.28/turn    (no ring)
MPRegen 0.11/turn

%: no teleportation
@: on berserk cooldown, slowed, very slow
A: fangs 1, strong nose, distributed training
a: no special abilities


You were in the Dungeon.
You visited 1 branch

Inventory:

Hand Weapons
 a - a +0 trident (weapon)
Armour
 b - a +0 scale mail (worn)
 c - a +0 buckler (worn)
Scrolls
 j - a scroll of blinking
Potions
 d - a potion of might
 h - 2 potions of magic


   Skills:
 + Level 7.3 Fighting
 + Level 3.2 Short Blades
 + Level 3.2 Long Blades
 + Level 3.2 Axes
 + Level 3.2 Maces & Flails
 + Level 5.6 Polearms
 + Level 3.2 Staves
 + Level 3.2 Ranged Weapons
 + Level 3.2 Throwing
 + Level 7.3 Armour
 + Level 3.2 Dodging
 + Level 3.2 Stealth
 + Level 7.3 Shields
 + Level 3.2 Unarmed Combat
 + Level 3.2 Spellcasting
 + Level 2.6 Conjurations
 + Level 2.6 Hexes
 + Level 2.6 Summonings
 + Level 2.6 Necromancy
 + Level 2.6 Translocations
 + Level 2.6 Transmutations
 + Level 2.6 Fire Magic
 + Level 2.6 Ice Magic
 + Level 2.6 Air Magic
 + Level 2.6 Earth Magic
 + Level 2.6 Poison Magic
 + Level 3.5 Invocations
 + Level 3.2 Evocations


You had 10 spell levels left.
You didn't know any spells.
Your spell library was empty.

Dungeon Overview and Level Annotations

Branches:
Dungeon (1/1)

Altars:


Innate Abilities, Weirdness & Mutations

You have very sharp teeth.
Your uncanny sense of smell can sniff out nearby items.
Your experience applies equally to all skills.


Message History

You hit the black bear.
The black bear is moderately wounded.
You feel yourself slow down. The black bear bites you.
The black bear closely misses you. You block the black bear's attack.
You puncture the black bear! Your bite misses the black bear.
The black bear is heavily wounded.
You block the black bear's attack. The black bear claws you.
The black bear barely misses you. You block the black bear's attack. x2
The black bear claws you but does no damage.
Unknown command.
You closely miss the black bear. Your bite misses the black bear.
The black bear is heavily wounded.
The black bear bites you. The black bear closely misses you.
You block the black bear's attack.
Unknown command.
You puncture the black bear!
You bite the black bear, but do no damage.
The black bear is almost dead.
The black bear goes berserk!
The black bear bites you.
* * * LOW HITPOINT WARNING * * *
The black bear claws you.
* * * LOW HITPOINT WARNING * * *
The black bear claws you.
* * * LOW HITPOINT WARNING * * *
You aren't carrying any items that you can evoke.
Unknown command.
You feel better. You block the black bear's attack. The black bear claws you.
* * * LOW HITPOINT WARNING * * *
You block the black bear's attack. The black bear bites you.
* * * LOW HITPOINT WARNING * * *
The black bear claws you but does no damage.
The black bear barely misses you.
Unknown command.
Unknown command.
Unknown command.
You barely miss the black bear.
The black bear is almost dead.
The black bear bites you!
You die...

▓.▓
▓)▓
▓.▓
▓.▓
▓.▓
▓.▓
∆
▓.▓
∆
▓†▓
∆
▓@▓
∆
▓h▓
∆
▓.▓
∆
▓.▓
∆
▓.▓
∆
▓+▓
∆ ∆
∆


You could see a black bear (berserk).

Vanquished Creatures
  A black bear (D)
  A gnoll (D)
  A white imp (D)
  An ufetubus (D)
  A ball python (D)
  A bat (D)
  An endoplasm (D)
  A goblin (D)
  A hobgoblin (D)
9 creatures vanquished.

Notes
Turn   | Place    | Note
-------+----------+-------------------------------------------
     0 | D        | Groucho the Gnoll Fighter began the quest for the Orb.
     0 | D        | Reached XP level 1. HP: 23/23 MP: 1/1
    24 | D        | Reached skill level 1 in Invocations
    25 | D        | Reached skill level 1 in Short Blades
    25 | D        | Reached skill level 1 in Long Blades
    25 | D        | Reached skill level 1 in Axes
    25 | D        | Reached skill level 1 in Maces & Flails
    25 | D        | Reached skill level 1 in Staves
    25 | D        | Reached skill level 1 in Ranged Weapons
    25 | D        | Reached skill level 1 in Throwing
    25 | D        | Reached skill level 1 in Dodging
    25 | D        | Reached skill level 1 in Stealth
    25 | D        | Reached skill level 1 in Unarmed Combat
    25 | D        | Reached skill level 1 in Spellcasting
    25 | D        | Reached skill level 1 in Evocations
    28 | D        | Reached XP level 2. HP: 29/29 MP: 1/3
   242 | D        | Noticed a black bear
   242 | D        | Noticed a black bear
   247 | D        | Killed a black bear
   248 | D        | Reached skill level 5 in Polearms
   248 | D        | Reached XP level 3. HP: 22/36 MP: 3/7
   248 | D        | Reached XP level 4. HP: 26/43 MP: 3/8
   260 | D        | HP: 2/43 [gnoll/+0 spear (3)]
   271 | D        | Reached XP level 5. HP: 33/48 MP: 5/9
   279 | D        | Slain by a black bear

Illustrated notes

Levels and vault maps discovered:
D:        linesprint [early_d, line_temple, items_1, d_10, items_2, lair_1,
          lair_end, items_3, orc_1, orc_end, items_4, d_15, swamp_1, shoals_1,
          snake_1, spider_1, d_20, vaults_1, items_5, swamp_end, shoals_end,
          snake_end, spider_end, vaults_end, d_27, items_6, zot_1, zot_end,
          crypt_end, forest_end, elf_end, slime_end, tomb_end, abyss_end,
          pan_hell_end]

Skill      XL: |  1  2 |
---------------+-------+-----
Invocations    | 1 3 |  3.5
Short Blades   | 1 3 |  3.2
Long Blades    | 1 3 |  3.2
Axes           | 1 3 |  3.2
Maces & Flails | 1 3 |  3.2
Staves         | 1 3 |  3.2
Ranged Weapons | 1 3 |  3.2
Throwing       | 1 3 |  3.2
Dodging        | 1 3 |  3.2
Stealth        | 1 3 |  3.2
Unarmed Combat | 1 3 |  3.2
Spellcasting   | 1 3 |  3.2
Evocations     | 1 3 |  3.2
Fighting       | 7 |  7.3
Polearms       | 5 |  5.6
Armour         | 7 |  7.3
Shields        | 7 |  7.3
Conjurations   | 2 |  2.6
Hexes          | 2 |  2.6
Summonings     | 2 |  2.6
Necromancy     | 2 |  2.6
Translocations | 2 |  2.6
Transmutations | 2 |  2.6
Fire Magic     | 2 |  2.6
Ice Magic      | 2 |  2.6
Air Magic      | 2 |  2.6
Earth Magic    | 2 |  2.6
Poison Magic   | 2 |  2.6

Action                     |  1- 3 |  4- 6 || total
---------------------------+-------+-------++-------
  Melee: Trident           |    27 |    28 ||    55
         Bite              |       |     2 ||     2
    Use: Potion            |     2 |     2 ||     4
 Armour: Scale mail        |    20 |    10 ||    30
  Dodge: Dodged            |     4 |    28 ||    32
  Block: Buckler           |     6 |    13 ||    19
